 Dungeon Crawl Stone Soup version 0.23.2-1-ga50397a (webtiles) character file.

Game seed: 1644840369219404907

124 Borgoz the Cutter (level 5, -4/35 HPs)
             Began as a Halfling Gladiator on May 25, 2019.
             Splashed by Ijyb's acid (13 damage)
             ... on level 3 of the Dungeon.
             The game lasted 00:02:27 (1989 turns).

Borgoz the Cutter (Halfling Gladiator)              Turns: 1989, Time: 00:02:27

Health: -4/35      AC:  8    Str: 16    XL:     5   Next: 30%
Magic:  5/5        EV: 11    Int:  6    God:
Gold:   70         SH:  0    Dex: 16    Spells: 4/4 levels left

rFire    . . .     SeeInvis .   a - +0 rapier
rCold    . . .     Gourm    .   (shield restricted)
rNeg     . . .     Faith    .   m - +0 chain mail
rPois    .         Spirit   .   c - +0 helmet
rElec    .         Reflect  .   k - +0 cloak
rCorr    .         Harm     .   (no gloves)
MR       .....                  j - +0 pair of boots
Stlth    ..........             (no amulet)
HPRegen  0.11/turn              (no ring)
MPRegen  0.09/turn              (no ring)

@: corroded
A: small, mutation resistance 1
a: no special abilities


You were on level 3 of the Dungeon.
You were hungry.

You visited 1 branch of the dungeon, and saw 3 of its levels.

You collected 70 gold pieces.

Inventory:

Hand Weapons
 a - a +0 rapier (weapon)
Missiles
 d - 3 throwing nets (quivered)
Armour
 c - a +0 helmet (worn)
 j - a +0 pair of boots (worn)
 k - a +0 cloak (worn)
 m - a +0 chain mail (worn)
Scrolls
 b - a scroll of immolation {unknown}
 e - 2 scrolls of magic mapping
 g - a scroll of teleportation {unknown}
 h - 2 scrolls of remove curse {unknown}
 i - a scroll of identify
Potions
 l - 4 potions of curing
 n - a potion of haste
 o - a potion of cancellation
 p - a potion of heal wounds
Comestibles
 f - 5 rations


   Skills:
 * Level 2.7 Fighting
 * Level 4.6 Short Blades
 - Level 2.0 Throwing
 * Level 2.2 Armour
 * Level 4.2 Dodging


You had 4 spell levels left.
You didn't know any spells.
Your spell library was empty.

Dungeon Overview and Level Annotations

Branches:
Dungeon (3/15)

Altars:
Cheibriados
Fedhas
Gozag
Qazlal
Trog
The Shining One

Annotations:
D:3 Ijyb


Innate Abilities, Weirdness & Mutations

You are small and have problems with some larger weapons.
You are somewhat resistant to further mutation.


Message History

The frilled lizard closely misses you.
You puncture the frilled lizard!
You kill the frilled lizard!
Ijyb hits you but does no damage.
You hit Ijyb but do no damage. Ijyb hits you but does no damage.
You hit Ijyb but do no damage. Ijyb screams, "Me kill you!"
Ijyb drinks a potion.
Ijyb seems to grow stronger.
You hit Ijyb.
Ijyb is lightly wounded.
Ijyb zaps a wand.
The bolt of acid hits you!
You are splashed with acid!
You are too injured to fight recklessly!
You are too injured to fight recklessly!
You are too injured to fight recklessly!
You hit Ijyb but do no damage.
Ijyb is lightly wounded.
Ijyb zaps a wand.
The bolt of acid hits you.
* * * LOW HITPOINT WARNING * * *
The acid corrodes you!
You are splashed with acid!
You die...

,****,*,,,,,,,+..#*****,,,*,,,***
,,,,,,*,,,,,.$#..#≈≈∩≈*,,,,,,,,,,
*******,#+#+#.#..##++**,,,*,*,*,*
**** *,#.#.#.#...*≈≈*,,,,*,*,,,*
,,,* *,#<#.#.#..#*≈≈**,,,*,*****
,,,****,#.#.#.#..#≈≈≈≈*,,,*,***,,
,,,,,,*,#.....+..#≈≈≈≈*,,,,,,,,,*
****#.#.###.#.#..##≈≈**,,,,,,,,,*
,,,,[.........†.@.#≈≈*,,,,,,,**,*
****#.#.###.#.#..g'#*+,,,,,,,**+*
***,,,*,#.†.#.####....*,,,,,,*,,,
,,,,,**,#.###.# *###.$.,,,,,*,,,
,,,,,,,...,,..#*******#.,,,,,*,,,
,,,,,,...,,,...,,,,,,,+,,,,,,*,,,
*+*,..#.#,,(###********,,,,,,*,,,
*,*,.,#.*,,.,,,,,,,,,,+,,,,,,*,,,
*,*,,,#,,,,,,,,,,,*,*,*,,,,,,*,,,


You could see Ijyb.

Vanquished Creatures
  An orc wizard (D:2)
  2 adders (D:2)
  2 oozes
  2 worms (D:2)
  2 dart slugs
  2 leopard geckos (D:3)
  3 orcs (D:2)
  2 ball pythons
  5 bats
  A giant cockroach (D:1)
  8 goblins
  4 hobgoblins
  5 jackals
  6 kobolds
  2 quokkas (D:2)
  3 frilled lizards
  6 rats
56 creatures vanquished.

Notes
Turn   | Place    | Note
-------+----------+-------------------------------------------
     0 | D:1      | Borgoz the Halfling Gladiator began the quest for the Orb.
     0 | D:1      | Reached XP level 1. HP: 14/14 MP: 1/1
    75 | D:1      | Reached XP level 2. HP: 19/19 MP: 2/2
   211 | D:1      | Reached skill level 1 in Armour
   241 | D:1      | Reached XP level 3. HP: 23/24 MP: 3/3
  1104 | D:2      | Found a stormy altar of Qazlal.
  1109 | D:2      | Found a glowing golden altar of the Shining One.
  1110 | D:2      | Found an opulent altar of Gozag.
  1110 | D:2      | Found a snail-covered altar of Cheibriados.
  1110 | D:2      | Found a bloodstained altar of Trog.
  1114 | D:2      | Found a blossoming altar of Fedhas.
  1151 | D:2      | Reached XP level 4. HP: 26/29 MP: 4/4
  1330 | D:2      | Reached XP level 5. HP: 15/35 MP: 5/5
  1979 | D:3      | Noticed Ijyb
  1989 | D:3      | Splashed by Ijyb's acid

Skill      XL: |  1  2  3  4 |
---------------+-------------+-----
Fighting       | 2 |  2.7
Armour         | 1 2 |  2.2
Short Blades   | 4 |  4.6
Dodging        | 4 |  4.2
Throwing       | |  2.0

Action                   |  1- 3 |  4- 6 || total
-------------------------+-------+-------++-------
Melee: Rapier            |    98 |    88 ||   186
  Use: Scroll            |       |     5 ||     5
 Stab: Sleeping          |     1 |       ||     1
  Eat: Chunk             |     1 |     2 ||     3
Armor: Leather armour    |    14 |       ||    14
       Chain mail        |    17 |    55 ||    72
Dodge: Dodged            |    75 |    57 ||   132
